 Dungeon Crawl Stone Soup version 0.31.0-9-g3a7656b989 (webtiles) character file.

Game seed: 7800746576466865227

37 qw the Shooter (level 3, 0/29 HPs)
             Began as a Demigod Hunter on Feb 2, 2024.
             Slain by a gnoll
             ... wielding a +0 spear
              (2 damage)
             ... on level 2 of the Dungeon.
             The game lasted 00:00:03 (701 turns).

qw the Shooter (Demigod Hunter)                      Turns: 701, Time: 00:00:04

Health: 0/29       AC:  3    Str: 12    XL:     3   Next: 8%
Magic:  5/5        EV: 12    Int: 11    God:
Gold:   38         SH:  0    Dex: 21    Spells: 2/2 levels left

rFire   . . .        a - +0 shortbow
rCold   . . .        (shield currently unavailable)
rNeg    . . .        c - +0 leather armour
rPois   .            (no helmet)
rElec   .            (no cloak)
rCorr   .            (no gloves)
SInv    .            (no boots)
Will    .....        (no amulet)
Stlth   ++           (no ring)
HPRegen 0.24/turn    (no ring)
MPRegen 0.09/turn

%: no passive effects
@: no status effects
A: high MP 1, forlorn, divine attributes
a: no special abilities


You were on level 2 of the Dungeon.
You visited 1 branch of the dungeon, and saw 2 of its levels.

You collected 38 gold pieces.


Innate Abilities, Weirdness & Mutations

You have an increased reservoir of magic. (+10% MP)
You shall have no god before yourself.
Your divine heritage dramatically boosts your attributes as you level up.


   Skills:
 - Level 2.0 Fighting
 - Level 4.6 Ranged Weapons
 + Level 1.7 Dodging
 - Level 0.8 Stealth


You had 2 spell levels left.
You didn't know any spells.
Your spell library was empty.

Inventory:

Hand Weapons
 a - a +0 shortbow (weapon)
Armour
 c - a +0 leather armour (worn)
Potions
 g - a potion of mutation

Dungeon Overview and Level Annotations

Branches:
Dungeon (2/15)


Message History

You shoot an arrow. The arrow hits the gnoll.
The gnoll is heavily wounded.
A gnoll comes into view. It is wielding a +0 club.
You shoot an arrow. The arrow hits the gnoll.
The gnoll is almost dead.
A gnoll comes into view. It is wielding a +0 spear.
Enter note: You shoot an arrow.
The gnoll shouts!
The arrow hits the gnoll!
You kill the gnoll!
You have reached level 3!
Your experience leads to a dramatic increase in your attributes!
Increase (S)trength, (I)ntelligence, or (D)exterity?
You feel agile. x4
You shoot an arrow. The arrow closely misses the gnoll.
A gnoll comes into view. It is wielding a +0 halberd.
You shoot an arrow. The arrow hits the gnoll!
The gnoll is severely wounded.
You shoot an arrow. The arrow closely misses the gnoll.
The gnoll hits you with a +0 club.
You shoot an arrow. The arrow hits the gnoll.
The gnoll is almost dead.
The gnoll hits you from afar with a +0 spear!
The gnoll hits you with a +0 club.
You shoot an arrow.
The arrow hits the gnoll but does no damage.
The gnoll is almost dead.
The gnoll hits you from afar with a +0 spear.
The gnoll hits you with a +0 club.
You shoot an arrow. The arrow barely misses the gnoll.
The gnoll closely misses you. The gnoll misses you.
You shoot an arrow. The arrow barely misses the gnoll.
The gnoll completely misses you. The gnoll hits you with a +0 club.
The gnoll hits you from afar with a +0 spear.
The gnoll hits you with a +0 club.
You shoot an arrow. The arrow hits the gnoll!
You kill the gnoll!
The gnoll hits you from afar with a +0 spear.
You die...

#### ... ..# ..#
#.######## ##
#.###..)gg....
.......#.@#
#.##.#.#..#
#.##.#.#..# ### #
#.##.#.#..#.##<#
##.####.##.#.#..#.##.#
................>.##.#
.#<.............##.#
#######.######....##.#
...............)...#.#


You could see 2 gnolls.

Vanquished Creatures
  2 gnolls (D:2)
  A dart slug (D:1)
  A bat (D:1)
  An endoplasm (D:1)
  A giant cockroach (D:1)
  3 goblins
  4 hobgoblins (D:1)
  2 quokkas (D:1)
  A ball python (D:2)
  A frilled lizard (D:1)
  4 kobolds
  4 rats (D:1)
25 creatures vanquished.

Notes
Turn   | Place    | Note
-------+----------+-------------------------------------------
     0 | D:1      | qw the Demigod Hunter began the quest for the Orb.
     0 | D:1      | Reached XP level 1. HP: 17/17 MP: 3/3
     0 | D:1      | 0 ||| qw: Version: 0.3-a-155-g5e7d8dd
     0 | D:1      | 0 ||| qw: Game counter: 8
     0 | D:1      | 0 ||| qw: Melee chars always use a shield: true
     0 | D:1      | 0 ||| qw: God list: Okawaru
     0 | D:1      | 0 ||| qw: Allow faded altars: false
     0 | D:1      | 0 ||| qw: Do Orc after clearing Dungeon:15 true
     0 | D:1      | 0 ||| qw: Do second Lair branch before Depths: true
     0 | D:1      | 0 ||| qw: Lair rune preference: random
     0 | D:1      | 0 ||| qw: Goals: Normal
     0 | D:1      | 0 ||| PLANNING D:1-11
    92 | D:1      | Reached skill level 4 in Ranged Weapons
   105 | D:1      | Reached XP level 2. HP: 24/24 MP: 4/4
   587 | D:1      | 587 ||| READING 2 scrolls labelled MIT QOSODA.
   587 | D:1      | 587 ||| IDENTIFYING fuming golden potion
   588 | D:1      | 588 ||| READING scroll of identify.
   588 | D:1      | 588 ||| IDENTIFYING sedimented purple potion
   589 | D:1      | 589 ||| READING scroll labelled NAUCUH YTRYASA.
   592 | D:1      | 592 ||| READING scroll labelled VEKIYL IBARPHAE.
   593 | D:1      | 593 ||| DROPPING scroll of butterflies.
   594 | D:1      | 594 ||| DROPPING potion of degeneration.
   694 | D:2      | Reached XP level 3. HP: 29/29 MP: 5/5
   700 | D:2      | HP: 6/29 [gnoll/+0 spear (2)]
   700 | D:2      | HP: 2/29 [gnoll/+0 club (4)]
   701 | D:2      | Slain by a gnoll

Levels and vault maps discovered:
D:1:      mrwooster_arrival_arrow, layout_basic
D:2:      layout_basic, ebering_ecumenical_altar_box

Skill      XL: |  1  2 |
---------------+-------+-----
Ranged Weapons | 4 |  4.6
Fighting       | 2 |  2.0
Dodging        | |  1.7
Stealth        | |  0.8

Action                     || total
---------------------------++-------
   Fire: Shortbow          ||    85
    Use: Scroll            ||     4
 Armour: Leather armour    ||    18
  Dodge: Dodged            ||    19

Table legend:
 A = Non-vault XP
 B = Vault XP
 C = Vault XP percentage of total XP
 D = Non-vault monster count
 E = Vault monster count
 F = Vault count percentage of total count
                 A         B        C        D         E       F
            +---------+---------+-------+---------+---------+-------
      Total |      68 |       0 |   0.0 |      25 |       0 |   0.0
            +---------+---------+-------+---------+---------+-------
        D:1 |      34 |       0 |   0.0 |      20 |       0 |   0.0
        D:2 |      34 |       0 |   0.0 |       5 |       0 |   0.0
            +---------+---------+-------+---------+---------+-------
